 Dungeon Crawl Stone Soup version 0.23-a0-181-g24f899ac9f (webtiles) character file.

4073 PikkenKukken the Cutter (level 10, -13/53 HPs)
             Began as a Vine Stalker Fighter on Sept 19, 2018.
             Was a Follower of Uskayaw.
             Mangled by Gastronok (21 damage)
             ... on level 8 of the Dungeon.
             The game lasted 00:14:30 (6615 turns).

PikkenKukken the Cutter (Vine Stalker Fighter)      Turns: 6615, Time: 00:14:30

Health: -13/53     AC: 20    Str: 21    XL:     10   Next: 25%
Magic:  0/13       EV:  6    Int:  8    God:    Uskayaw [*.....]
Gold:   390        SH: 12    Dex: 17    Spells: 9/9 levels left

rFire    . . .     SeeInvis +   s - +2 dagger (elec)
rCold    . . .     Gourm    .   c - +1 shield
rNeg     . . .     Faith    +   z - +0 plate armour
rPois    .         Spirit   +   l - +2 hat
rElec    .         Reflect  .   j - +2 cloak of the Thief {+Fog Slay-2 SInv Stlth+}
rCorr    +         Harm     .   (no gloves)
MR       +....                  y - +0 pair of boots {Stlth+}
Stlth    ..........             q - amulet of faith
HPRegen  0.57/turn              n - ring of resist corrosion
MPRegen  0.13/turn              C - ring of stealth

@: about to teleport
A: fangs 3, iridescent scales 1, regeneration 1, strong 1, magic shield,
antimagic bite, no potion heal 3, rot immunity
a: Stomp, Renounce Religion, Evoke Fog


You were on level 8 of the Dungeon.
You worshipped Uskayaw.
Uskayaw was noncommittal.
You were not hungry.

You visited 1 branch of the dungeon, and saw 8 of its levels.

You collected 390 gold pieces.

Inventory:

Hand Weapons
 a - a +0 rapier of piercing
 s - a +2 dagger of electrocution (weapon)
Armour
 b - a +0 scale mail
 c - a +1 shield (worn)
 j - the +2 cloak of the Thief (worn) {+Fog Slay-2 SInv Stlth+}
   (You found it on level 4 of the Dungeon)

   It affects your accuracy and damage with ranged weapons and melee attacks
   (-2).
   It lets you see invisible.
   It makes you more stealthy.
 l - a +2 hat (worn)
 o - a scarf of cloud immunity
 y - a +0 pair of boots of stealth (worn)
 z - a +0 plate armour (worn)
Jewellery
 n - a ring of resist corrosion (left hand)
 q - an amulet of faith (around neck)
 C - a ring of stealth (right hand)
Wands
 B - a wand of iceblast (16)
 F - a wand of enslavement (11)
Scrolls
 p - 8 scrolls of remove curse
 u - 2 scrolls of teleportation
 w - 3 scrolls of magic mapping
 x - a scroll of enchant weapon
 A - a scroll of amnesia
 D - a scroll of fog
Potions
 d - 2 potions of might
 e - 2 potions of magic
 g - a potion of lignification
 h - 3 potions of flight
 k - 2 potions of brilliance
 m - a potion of agility
 r - a potion of curing {unknown}
 t - a potion of ambrosia
 v - 2 potions of berserk rage
 E - a potion of resistance {unknown}
Comestibles
 f - 19 rations
 i - 6 chunks of flesh


   Skills:
 + Level 5.7 Fighting
 * Level 7.5 Short Blades
 + Level 5.1 Armour
 + Level 4.4 Dodging
 + Level 5.6 Shields
 + Level 3.2 Invocations
 + Level 3.3 Evocations


You had 9 spell levels left.
You didn't know any spells.
Your spell library was empty.

Dungeon Overview and Level Annotations

Branches:
Dungeon (8/15)             Temple (0/1) D:7
   Lair: D:8-11

Altars:
Ashenzari
Cheibriados
Dithmenos
Hepliaklqana
Kikubaaqudgha
Okawaru
Uskayaw
Vehumet

Annotations:
D:8 Gastronok


Innate Abilities, Weirdness & Mutations

You have razor-sharp teeth.
Your natural rate of healing is unusually fast.
When hurt, damage is shared between your health and your magic reserves.
Your bite disrupts and absorbs the magic of your enemies.
Potions cannot restore your health.
You are immune to rotting.
You are partially covered in iridescent scales. (AC +2)
Your muscles are strong. (Str +2)


Message History

You can now pass through a line of other dancers.
You hit Gastronok but do no damage. You bite Gastronok.
Gastronok's magic leaks into the air.
You drain his magic.
Gastronok is moderately wounded.
Gastronok bites you!
You hit Gastronok but do no damage. Your bite misses Gastronok.
Gastronok is moderately wounded.
You completely miss Gastronok.
Gastronok is moderately wounded.
Gastronok bites you!
* * * LOW HITPOINT WARNING * * *
Aiming: Line Pass
Press: ? - help, Dir - move target cursor Gastronok appears confused.
You feel somewhat more hungry.
You can no longer pass through a line of other dancers.
Gastronok seems less confused.
Okay, then.
As you read the scroll of teleportation, it crumbles to dust.
You feel strangely unstable. Gastronok bites you!!
You die...

#######.###..........###...#....
####.#####...................
#...........##.###)..#....)..
#...........##.#.....#..####.
#...........##.#.#...##.## #.
#...........##.#.#...##..###.
####...#.......#.#).....>.##.
###.#.#.#####.#...###..##.
#......@w...#...# #..##.
###.#.#######...# #..##. # #..(#
#..... ##.### #######....
#.......... #.#########


You could see Gastronok.

Vanquished Creatures
  Pikel (D:4)
  A hornet (D:8)
  Prince Ribbit (D:7)
  A wyvern (D:8)
  2 ice beasts
  5 orc warriors
  3 sky beasts (D:7)
  An ogre (D:8)
  4 centaurs
  A bullfrog (D:4)
  Blork the orc (D:4)
  A scorpion (D:5)
  A water moccasin skeleton (D:6)
  2 vampire bats (D:4)
  3 crimson imps
  A bullfrog zombie (D:8)
  11 orc priests
  2 gnoll shamans
  3 hounds
  A bullfrog skeleton (D:6)
  An iguana (D:4)
  7 orc wizards
  7 worker ants
  2 hound skeletons
  A worker ant zombie (D:4)
  11 adders
  14 gnolls
  2 shadow imps (D:8)
  2 adder skeletons
  4 worms
  A dart slug (D:4)
  3 leopard geckos
  47 orcs
  2 bat skeletons (D:4)
  2 bat zombies (D:4)
  7 giant cockroaches
  4 goblins
  4 hobgoblins
  7 jackals
  5 kobolds
  3 quokkas
  4 ball pythons
  4 bats
  5 frilled lizards
  2 leopard gecko skeletons
  2 quokka skeletons
  9 rats
208 creatures vanquished.

Vanquished Creatures (others)
  An orc wizard (D:4)
  A worker ant (D:4)
  A dart slug (D:4)
  2 orcs (D:4)
5 creatures vanquished.

Grand Total: 213 creatures vanquished

Notes
Turn   | Place    | Note
-------+----------+-------------------------------------------
     0 | D:1      | PikkenKukken the Vine Stalker Fighter began the quest for
                  | the Orb.
     0 | D:1      | Reached XP level 1. HP: 11/11 MP: 2/2
    91 | D:1      | Reached skill level 2 in Short Blades
   275 | D:1      | Reached XP level 2. HP: 16/16 MP: 3/3
   389 | D:1      | You fall through a shaft!
   845 | D:2      | Reached XP level 3. HP: 17/19 MP: 4/4
  1115 | D:2      | Gained mutation: Your muscles are strong. (Str +2) [potion
                  | of mutation]
  1115 | D:2      | Gained mutation: You are partially covered in iridescent
                  | scales. (AC +2) [potion of mutation]
  1418 | D:3      | Reached skill level 1 in Dodging
  1418 | D:3      | Gained mutation: Your natural rate of healing is unusually
                  | fast. [Vine Stalker growth]
  1418 | D:3      | Reached XP level 4. HP: 18/24 MP: 3/5
  1597 | D:3      | Reached skill level 3 in Short Blades
  1597 | D:3      | Reached XP level 5. HP: 25/28 MP: 4/6
  1910 | D:3      | Found an iron altar of Okawaru.
  2508 | D:4      | Found the +2 cloak of the Thief {+Fog Slay-2 SInv Stlth+}
  2647 | D:4      | Reached XP level 6. HP: 32/32 MP: 7/7
  2789 | D:4      | Found an ancient bone altar of Kikubaaqudgha.
  2823 | D:4      | Noticed Blork the orc
  2832 | D:4      | Killed Blork the orc
  2832 | D:4      | Reached skill level 4 in Short Blades
  3022 | D:4      | Reached XP level 7. HP: 36/36 MP: 8/8
  3041 | D:4      | Found a snail-covered altar of Cheibriados.
  3055 | D:4      | Noticed Pikel
  3072 | D:4      | Killed Pikel
  3072 | D:4      | Reached skill level 5 in Short Blades
  3072 | D:4      | Gained mutation: You have razor-sharp teeth. [Vine Stalker
                  | growth]
  3072 | D:4      | Reached XP level 8. HP: 28/42 MP: 5/9
  3416 | D:5      | Entered Level 5 of the Dungeon
  3890 | D:5      | Found a shadowy altar of Dithmenos.
  3937 | D:5      | Reached skill level 1 in Evocations
  4362 | D:5      | Found a hazy altar of Hepliaklqana.
  4369 | D:5      | Found a shattered altar of Ashenzari.
  4372 | D:5      | Found a hide-covered altar of Uskayaw.
  4375 | D:5      | Became a worshipper of Uskayaw the Reveler
  4525 | D:6      | Reached * piety under Uskayaw
  4527 | D:6      | Reached ** piety under Uskayaw
  4840 | D:6      | Reached skill level 6 in Short Blades
  4840 | D:6      | Reached XP level 9. HP: 42/46 MP: 9/11
  5036 | D:6      | Reached skill level 1 in Invocations
  5038 | D:6      | Reached *** piety under Uskayaw
  5201 | D:6      | Reached skill level 5 in Fighting
  5363 | D:6      | Reached skill level 5 in Shields
  5378 | D:7      | Reached **** piety under Uskayaw
  5467 | D:7      | Reached ***** piety under Uskayaw
  5482 | D:7      | Noticed Prince Ribbit
  5490 | D:7      | Killed Prince Ribbit
  5682 | D:7      | Found a radiant altar of Vehumet.
  5794 | D:7      | Found a staircase to the Ecumenical Temple.
  5906 | D:8      | Reached skill level 7 in Short Blades
  5929 | D:7      | Reached ****** piety under Uskayaw
  6049 | D:8      | Reached skill level 5 in Armour
  6049 | D:8      | Reached XP level 10. HP: 48/51 MP: 13/13
  6301 | D:8      | Identified a scroll of acquirement
  6602 | D:8      | Noticed Gastronok
  6615 | D:8      | Mangled by Gastronok

Vault maps used:
D:1:      dpeg_arrival_long_road
D:3:      okawaru_trees_1
D:4:      kennysheep_vampire_church, first_ration, minivault_24,
          kennysheep_slug_shrine, uniq_blork_the_orc, uniq_pikel
D:5:      lemuel_coloured_pillars_altar, minitemple, sigmund_army
D:7:      vehumet_crystals, minmay_temple_entry_large_hall, uniq_prince_ribbit1
D:8:      uniq_gastronok

Skill      XL: |  1  2  3  4  5  6  7  8  9 10 |
---------------+-------------------------------+-----
Short Blades   | 2 3 4 5 6 7 |  7.5
Fighting       | 3 4 5 |  5.7
Shields        | 3 4 5 |  5.6
Dodging        | 1 2 3 4 |  4.4
Armour         | 3 4 5 |  5.1
Evocations     | 1 3 |  3.3
Invocations    | 2 3 |  3.2

Action                   |  1- 3 |  4- 6 |  7- 9 | 10-12 || total
-------------------------+-------+-------+-------+-------++-------
Melee: Dagger            |    55 |    73 |   334 |    91 ||   553
       Bite              |    29 |    52 |   121 |    30 ||   232
       Rapier            |    55 |    10 |       |       ||    65
       Short sword       |       |    71 |       |       ||    71
Invok: Line Pass         |       |       |       |     1 ||     1
  Use: Scroll            |     8 |     6 |     2 |     6 ||    22
       Potion            |     1 |       |       |       ||     1
 Stab: Sleeping          |       |       |     1 |       ||     1
       Paralysed         |       |       |    10 |     3 ||    13
  Eat: Chunk             |     2 |     5 |    10 |     2 ||    19
Armor: Scale mail        |    53 |    53 |    37 |       ||   143
       Plate armour      |       |       |    70 |    19 ||    89
Dodge: Dodged            |    24 |    46 |    61 |    10 ||   141
Block: Shield            |    54 |    69 |   159 |    40 ||   322

Table legend:
 A = Non-vault XP
 B = Vault XP
 C = Vault XP percentage of total XP
 D = Non-vault monster count
 E = Vault monster count
 F = Vault count percentage of total count
                 A         B        C        D         E       F
            +---------+---------+-------+---------+---------+-------
      Total |    4685 |    1134 |  19.5 |     194 |      14 |   6.7
            +---------+---------+-------+---------+---------+-------
        D:1 |      21 |       0 |   0.0 |      14 |       0 |   0.0
        D:2 |      52 |       0 |   0.0 |      16 |       0 |   0.0
        D:3 |     195 |       0 |   0.0 |      31 |       0 |   0.0
        D:4 |     309 |     845 |  73.2 |      24 |       9 |  27.3
        D:5 |     709 |      12 |   1.7 |      25 |       4 |  13.8
        D:6 |     853 |       0 |   0.0 |      25 |       0 |   0.0
        D:7 |    1001 |     277 |  21.7 |      23 |       1 |   4.2
        D:8 |    1545 |       0 |   0.0 |      36 |       0 |   0.0
            +---------+---------+-------+---------+---------+-------
